 Dungeon Crawl Stone Soup version 0.29.1-1-gd02db6906a (webtiles) character file.

Game seed: 4559359630106965642

154 LustLizard the Sneak (level 5, -4/26 HPs)
             Began as a Spriggan Arcane Marksman on Sept 22, 2022.
             Slain by an iron imp (8 damage)
             ... summoned by Natasha
             ... on level 2 of the Dungeon.
             The game lasted 00:03:23 (2531 turns).

LustLizard the Sneak (Spriggan Arcane Marksman)     Turns: 2531, Time: 00:03:24

Health: -4/26      AC:  2    Str:  6    XL:     5   Next: 13%
Magic:  8/8        EV: 17    Int: 14    God:
Gold:   103        SH:  0    Dex: 18    Spells: 5/6 levels left

rFire   . . .      SeeInvis +   a - +1 sling
rCold   . . .      Faith    .   (no shield)
rNeg    . . .      Spirit   .   c - +0 robe
rPois   .          Reflect  .   (helmet restricted)
rElec   .          Harm     .   (no cloak)
rCorr   .          Rampage  .   (gloves unavailable)
Will    .....                   (boots unavailable)
Stlth   +++.......              (no amulet)
HPRegen 0.08/turn               (no ring)
MPRegen 0.11/turn               (no ring)

@: very quick
A: very small, no large weapons, unfitting armour, see invisible, speed 3
a: no special abilities


You were on level 2 of the Dungeon.
You visited 1 branch of the dungeon, and saw 2 of its levels.

You collected 103 gold pieces.

Inventory:

Hand Weapons
 a - a +1 sling (weapon)
Armour
 c - a +0 robe (worn)
Scrolls
 b - a scroll of poison
 e - a scroll of immolation {unknown}
 g - a scroll of blinking {unknown}
 j - a scroll of enchant weapon {unknown}
 k - 2 scrolls of teleportation {unknown}
 n - a scroll of identify {unknown}
Potions
 d - 2 potions of degeneration {unknown}
 f - a potion of lignification {unknown}
 h - a potion of heal wounds {unknown}
 i - 2 potions of ambrosia {unknown}
 l - a potion of curing {unknown}
 m - a potion of might {unknown}
 o - a potion of mutation {unknown}


   Skills:
 + Level 1.8 Fighting
 * Level 3.5 Ranged Weapons
 - Level 2.6 Dodging
 * Level 4.5 Stealth
 - Level 1.3 Spellcasting
 - Level 4.0 Hexes


You had 5 spell levels left.
You knew the following spells:

 Your Spells              Type           Power      Damage    Failure   Level
a - Slow                  Hex            48%        N/A       4%          1

Your spell library contained the following spells:

 Spells                   Type           Power      Damage    Failure   Level
 Inner Flame              Hex/Fire       6%         N/A       32%         3
 Portal Projectile        Hex/Tloc       12%        N/A       32%         3
 Cause Fear               Hex            6%         N/A       43%         4


Dungeon Overview and Level Annotations

Branches:
Dungeon (2/15)

Altars:

Shops:
D:2 (

Annotations:
D:2 Natasha


Innate Abilities, Weirdness & Mutations

You are very small and have problems with some larger weapons.
You are too small for most types of armour.
You have supernaturally acute eyesight. (SInv)
You cover ground extremely quickly. (Speed+++)


Message History

Natasha is almost dead.
You shoot a sling bullet. The sling bullet misses Natasha.
You shoot a sling bullet.
The sling bullet closely misses Natasha.
Natasha wildly gestures.
Natasha glows brightly for a moment.
Natasha claws you!
You shoot a sling bullet.
The sling bullet closely misses Natasha.
Natasha completely misses you.
You shoot a sling bullet.
The sling bullet hits Natasha but does no damage.
Natasha is severely wounded.
Natasha mumbles some strange words.
You shoot a sling bullet. The sling bullet barely misses Natasha.
Natasha stares at you and mumbles some strange words.
The magic dart hits you!
You are too injured to fight recklessly!
Fire: a) +1 sling
Press: ? - help, Q - select action, (/) - cycle Shift-Dir - straight line, f/p - Natasha
Aim: Natasha (severely wounded, 53% to hit)
You shoot a sling bullet. The sling bullet barely misses Natasha.
The sling bullet completely misses the iron imp.
Natasha closely misses you.
Fire: a) +1 sling
Press: ? - help, Q - select action, (/) - cycle Shift-Dir - straight line, f/p - Natasha
Aim: Natasha (severely wounded, 53% to hit)
You shoot a sling bullet. The sling bullet hits Natasha.
Natasha is almost dead.
Natasha closely misses you. Natasha barely misses you.
The iron imp completely misses you.
Fire: a) +1 sling
Press: ? - help, Q - select action, (/) - cycle Shift-Dir - straight line, f/p - Natasha
Aim: Natasha (almost dead, 53% to hit)
You shoot a sling bullet. The sling bullet barely misses Natasha.
Natasha casts a spell at you. The magic dart hits you!
* * * LOW HITPOINT WARNING * * *
The iron imp hits you!
You die...

##.......#######...######.#......
##.##....##.............#.#.#.#..
....#............................
##...#...##.............#.#......
##....#..#######...######.#......
##.......# ####...# #.<.....<
#......## ##.##...# ###......
###...### ##...#...# #....##
.....######.....@..# #..####
#######.........h5## #......
###...........# ##.####
#(...........## #######...>.
##...........######.....######
##...........## #.....>..#
##.........#.## #>##.##..#
##....#........####.##.##..#
....##.##....h.........##..#


You could see an iron imp (summoned) and Natasha.

Vanquished Creatures
  Jessica (D:2)
  Natasha (twice) (D:2)
  Terence (D:1)
  3 adders (D:2)
  A dart slug (D:1)
  3 endoplasms
  A giant cockroach (D:2)
  4 goblins (D:1)
  2 hobgoblins
  3 quokkas (D:1)
  A ball python (D:2)
  2 bats (D:1)
  2 frilled lizards (D:2)
  2 kobolds (D:1)
  A rat (D:1)
29 creatures vanquished.

Vanquished Creatures (others)
  A fungus (D:1)
  A plant (D:1)
2 creatures vanquished.

Grand Total: 31 creatures vanquished

Notes
Turn   | Place    | Note
-------+----------+-------------------------------------------
     0 | D:1      | LustLizard the Spriggan Arcane Marksman began the quest for
                  | the Orb.
     0 | D:1      | Reached XP level 1. HP: 9/9 MP: 3/3
   482 | D:1      | Reached skill level 1 in Stealth
   765 | D:1      | Reached XP level 2. HP: 14/14 MP: 5/5
   786 | D:1      | Reached skill level 1 in Fighting
  1372 | D:2      | Reached XP level 3. HP: 18/18 MP: 6/6
  1425 | D:2      | Noticed Terence
  1456 | D:1      | Killed Terence
  1774 | D:2      | Found Cezaser's Weapon Emporium.
  1783 | D:2      | Reached XP level 4. HP: 22/22 MP: 7/7
  1895 | D:2      | Noticed Natasha
  1907 | D:2      | Killed Natasha
  2099 | D:2      | Noticed Jessica
  2106 | D:2      | Killed Jessica
  2186 | D:2      | Noticed Natasha
  2192 | D:2      | Killed Natasha
  2193 | D:2      | Reached XP level 5. HP: 12/26 MP: 8/8
  2425 | D:2      | Noticed Natasha
  2531 | D:2      | Slain by an iron imp

Illustrated notes

Levels and vault maps discovered:
D:1:      dpeg_cavernosity, layout_rooms, minivault_26,
          dreamdust_mushroom_princess, grunt_decor_resistance,
          serial_bayou_crossing
D:2:      layout_loops_cross, serial_shops, nicolae_diamond_shop,
          grunt_decor_mini_mirrors, uniq_terence, uniq_natasha, uniq_jessica

Skill      XL: |  1  2  3  4 |
---------------+-------------+-----
Stealth        | 1 2 3 4 |  4.5
Fighting       | 1 |  1.8
Hexes          | 4 |  4.0
Ranged Weapons | 3 |  3.5
Dodging        | |  2.6
Spellcasting   | |  1.3

Action                   |  1- 3 |  4- 6 || total
-------------------------+-------+-------++-------
 Fire: Sling             |    85 |    43 ||   128
 Cast: Slow              |     1 |       ||     1
Armor: Robe              |     5 |     1 ||     6
Dodge: Dodged            |    32 |    22 ||    54
